 Dungeon Crawl Stone Soup version 0.27-a0-1149-g4505690ab0 (webtiles) character file.

Game seed: 6272237842519676996

359 Armakuni the Magician (level 6, 0/45 HPs)
             Began as a Demigod Wanderer on May 13, 2021.
             Slain by an orc
             ... wielding a +1 dagger of holy wrath
              (5 damage)
             ... on level 4 of the Dungeon.
             The game lasted 00:11:18 (4633 turns).

Armakuni the Magician (Demigod Wanderer)            Turns: 4633, Time: 00:11:19

Health: 0/45       AC:  2    Str: 11    XL:     6   Next: 14%
Magic:  14/16      EV: 11    Int: 22    God:
Gold:   110        SH:  5    Dex: 15    Spells: 8/14 levels left

rFire    . . .     SeeInvis .   a - +4 quick blade
rCold    . . .     Faith    .   c - +0 buckler
rNeg     . . .     Spirit   .   d - +0 robe
rPois    .         Reflect  .   (no helmet)
rElec    .         Harm     .   (no cloak)
rCorr    .         Rampage  .   (no gloves)
Will     .....                  (no boots)
Stlth    +.........             (no amulet)
HPRegen  0.15/turn              (no ring)
MPRegen  0.15/turn              (no ring)

@: no status effects
A: high mp 1, forlorn
a: no special abilities


You were on level 4 of the Dungeon.
You visited 1 branch of the dungeon, and saw 4 of its levels.

You collected 110 gold pieces.

Inventory:

Hand Weapons
 a - a +4 quick blade (weapon)
Armour
 c - a +0 buckler (worn)
 d - a +0 robe (worn)
 f - a +0 ring mail
Wands
 p - a wand of polymorph (24)
Scrolls
 e - a scroll of identify {unknown}
 j - 2 scrolls of teleportation
Potions
 b - a potion of might
 g - a potion of haste
Miscellaneous
 i - a piece from Xom's chessboard (15/15)


   Skills:
 + Level 3.8 Shields
 - Level 4.5 Spellcasting
 + Level 4.4 Conjurations
 - Level 1.0 Fire Magic
 - Level 1.7 Air Magic
 - Level 1.0 Evocations


You had 8 spell levels left.
You knew the following spells:

 Your Spells              Type           Power      Damage    Failure   Level
b - Blink                 Tloc           N/A        N/A       16%         2
m - Mephitic Cloud        Conj/Pois/Air  14%        N/A       14%         3
z - Magic Dart            Conj           96%        1d7       1%          1

Your spell library contained the following spells:

 Spells                   Type           Power      Damage    Failure   Level
 Static Discharge         Conj/Air       18%        N/A       4%          2
 Poisonous Vapours        Pois/Air       16%        N/A       11%         2
 Conjure Flame            Conj/Fire      16%        6-21      11%         3
 Call Imp                 Summ           4%         N/A       16%         2
 Slow                     Hex            4%         N/A       16%         2


Dungeon Overview and Level Annotations

Branches:
Dungeon (4/15)
 Temple: D:4-7


Innate Abilities, Weirdness & Mutations

Your attributes grow dramatically as you level up.
You have an increased reservoir of magic. (+10% MP)
You shall have no god before yourself.


Message History

You kill the orc!
You swing at nothing.
You hear some strange, mumbled words.
A magic dart appears from out of thin air!
The magic dart hits you!
You closely miss something. Something hits you.
You hit something. You hit something but do no damage. Something hits you.
A kobold comes into view. It is wielding a +0 club.
You miss something. Something hits you.
You are electrocuted!
* * * LOW HITPOINT WARNING * * *
You block the orc's attack.
You hit something.
The kobold reads a scroll.
Wisps of shadow swirl around the kobold.
Something hits you.
* * * LOW HITPOINT WARNING * * *
The orc hits you with a +1 dagger of holy wrath.
* * * LOW HITPOINT WARNING * * *
You miss something. You hit something.
Reactivating autopickup.
You feel a bit more experienced. The orc hits you but does no damage.
You see here a +0 spear.
You see here a +0 whip.
Items here: )) [ รทรท.
Okay, then.
Unknown command.
You hit the orc.
The orc is lightly wounded.
The orc hits you with a +1 dagger of holy wrath.
* * * LOW HITPOINT WARNING * * *
You closely miss the orc.
The orc is lightly wounded.
Things that are here:
a +0 flail; a gnoll skeleton You see here a +0 flail.
You hear the brisk hiss of an avalanche of sand nearby.
There is a stone staircase leading up here.
The orc hits you with a +1 dagger of holy wrath.
You die...

#..........#..##...#.###
...........#...#.....###
...........#.....##.....
#........#####.....####
##.........K))K..>...#
#........Z.###..(....#
#........).# #.......#
#......)o..# #.......###
#......@...# #..........
#..........# #.......###
##........## #.......#
##......## #.......#
######## #.......###
#[......... ###########


You could see an orc, a kobold and an adder skeleton (summoned).

Vanquished Creatures
  A sky beast (D:2)
  A gnoll shaman (D:4)
  Jessica (D:2)
  A bullfrog skeleton (D:4)
  An orc wizard (D:4)
  4 adders (D:2)
  5 gnolls (D:4)
  An adder skeleton (D:4)
  2 worms
  7 orcs
  5 bats
  3 endoplasms
  5 giant cockroaches
  10 goblins
  9 hobgoblins
  2 jackals (D:1)
  2 kobolds
  3 ball pythons
  9 frilled lizards
  4 rats
  2 butterflies (D:3)
78 creatures vanquished.

Vanquished Creatures (collateral kills)
  A ball python (D:2)
1 creature vanquished.

Vanquished Creatures (others)
  6 plants (D:3)
6 creatures vanquished.

Grand Total: 85 creatures vanquished

Notes
Turn   | Place    | Note
-------+----------+-------------------------------------------
     0 | D:1      | Armakuni the Demigod Wanderer began the quest for the Orb.
     0 | D:1      | Armakuni set off with the following items: a +0 dagger, a
                  | +0 buckler, a +0 robe; and the following spell memorised:
                  | Magic Dart; and the following spells available to memorise:
                  | Poisonous Vapours, Static Discharge, Blink, Call Imp, Slow,
                  | Conjure Flame, Mephitic Cloud
     0 | D:1      | Reached XP level 1. HP: 14/14 MP: 8/8
   425 | D:1      | Reached skill level 1 in Conjurations
   539 | D:1      | Reached XP level 2. HP: 20/20 MP: 8/10
  1598 | D:2      | Reached XP level 3. HP: 21/26 MP: 3/11
  1605 | D:2      | Learned a level 2 spell: Blink
  1609 | D:2      | Learned a level 3 spell: Mephitic Cloud
  1611 | D:2      | Noticed a sky beast
  2831 | D:2      | Killed a sky beast
  2832 | D:2      | Reached XP level 4. HP: 24/33 MP: 1/13
  2832 | D:2      | Reached XP level 5. HP: 28/38 MP: 1/14
  3111 | D:3      | Noticed Jessica
  3121 | D:2      | Killed Jessica
  4270 | D:4      | Identified a scroll of acquirement
  4270 | D:4      | Acquired a +3 quick blade
  4534 | D:4      | Reached XP level 6. HP: 36/45 MP: 16/16
  4633 | D:4      | Slain by an orc

Illustrated notes

Levels and vault maps discovered:
D:1:      eino_arrival_cavern_e, layout_basic, ebering_ecumenical_altar_ruins
D:2:      layout_loops_cross, minmay_unequal
D:3:      layout_basic, xom_butterflies, overflow_temple_1_default,
          gammafunk_temple_overflow_elements, grunt_ministairs_9, minivault_5,
          minmay_lizard_king, uniq_jessica
D:4:      layout_rooms, amcnicky_altar_gilded, nicolae_ossuary_entry_ruins,
          nrook_loot_triangle, st_stairs_6

Skill      XL: |  1  2  3  4  5 |
---------------+----------------+-----
Conjurations   | 1 2 3 4 |  4.4
Shields        | 2 3 |  3.8
Spellcasting   | |  4.5
Fire Magic     | |  1.0
Air Magic      | |  1.7
Evocations     | |  1.0

Action                   |  1- 3 |  4- 6 || total
-------------------------+-------+-------++-------
Melee: Dagger            |    63 |     4 ||    67
       Quick blade       |       |    28 ||    28
 Cast: Magic Dart        |   121 |    64 ||   185
       Mephitic Cloud    |     2 |     4 ||     6
Evoke: Piece from Xom's  |       |     1 ||     1
  Use: Scroll            |     3 |     3 ||     6
       Potion            |     2 |     3 ||     5
 Stab: Confused          |     2 |     1 ||     3
       Petrifying        |       |     1 ||     1
Armor: Robe              |    19 |     3 ||    22
Dodge: Dodged            |    42 |    17 ||    59
Block: Buckler           |    12 |     6 ||    18

Table legend: (Time is in decaauts)
 A = Elapsed time spent in this place.
 B = Non-inter-level travel time spent in this place.
 C = Inter-level travel time spent in this place.
 D = Time resting spent in this place.
 E = Time spent auto-exploring this place.
 F = Levels seen in this place.
 G = Mean time per level.
                   A        B        C        D        E       F      G
               +--------+--------+--------+--------+--------+-----+--------+
         Total |   4630 |   4454 |    176 |   1063 |   2606 |   4 | 1157.5 |
       Dungeon |   4630 |   4454 |    176 |   1063 |   2606 |   4 | 1157.5 |
               +--------+--------+--------+--------+--------+-----+--------+

Top non-repeatable levels by time:
     D:1: 1635 daAuts
     D:2: 1560 daAuts
     D:3: 1079 daAuts
     D:4: 355 daAuts
